 Dungeon Crawl Stone Soup version 0.24-a0-462-ge24419a6ad (webtiles) character file.

Game seed: 11174312967502243438

1576 tsouns the Ruffian (level 8, -7/78 HPs)
             Began as a Troll Fighter on July 1, 2019.
             Was a Follower of Okawaru.
             Mangled by an orc warrior
             ... wielding a +0 halberd
              (19 damage)
             ... in a bailey.
             The game lasted 00:11:52 (5929 turns).

tsouns the Ruffian (Troll Fighter)                  Turns: 5929, Time: 00:11:52

Health: -7/78      AC:  7    Str: 27    XL:     8   Next: 60%
Magic:  8/8        EV:  9    Int:  4    God:    Okawaru [*.....]
Gold:   425        SH: 10    Dex:  9    Spells: 7/7 levels left

rFire    . . .     SeeInvis .     - Unarmed
rCold    . . .     Gourm    +   b - +0 shield
rNeg     . . .     Faith    .   a - +1 robe
rPois    .         Spirit   .   (helmet restricted)
rElec    .         Reflect  .   (no cloak)
rCorr    .         Harm     .   (gloves unavailable)
MR       .....                  (boots unavailable)
Stlth    ++........             (no amulet)
HPRegen  0.63/turn              g - ring of stealth
MPRegen  0.11/turn              (no ring)

@: no status effects
A: large, unfitting armour, claws 3, fast metabolism 3, gourmand, regeneration
1, shaggy fur 1, tough skin 3
a: Heroism, Renounce Religion


You were in a bailey.
You worshipped Okawaru.
Okawaru was aware of your devotion.
You were very full.

You visited 1 branch of the dungeon, and saw 7 of its levels.
You also visited: Sewer and Bailey.

You collected 425 gold pieces.

Inventory:

Missiles
 j - 19 poisoned darts (quivered)
 q - 8 atropa-tipped darts
Armour
 a - a +1 robe (worn)
 b - a +0 shield (worn)
Jewellery
 g - a ring of stealth (left claw)
Wands
 x - a wand of iceblast (7)
 y - a wand of flame (19)
Scrolls
 i - 5 scrolls of teleportation
 n - 5 scrolls of remove curse
 s - 2 scrolls of fear
Potions
 c - 3 potions of might
 e - a potion of degeneration
 h - 7 potions of heal wounds
 k - 2 potions of haste
 l - a potion of berserk rage
 m - 2 potions of lignification {unknown}
 o - 2 potions of mutation {unknown}
 p - a potion of brilliance {unknown}
 r - 2 potions of curing {unknown}
 t - a potion of magic
Comestibles
 d - 14 rations


   Skills:
 - Level 4.2 Fighting
 - Level 4.1 Dodging
 + Level 4.8 Shields
 * Level 7.4 Unarmed Combat
 + Level 2.2 Invocations


You had 7 spell levels left.
You didn't know any spells.
Your spell library was empty.

Dungeon Overview and Level Annotations

Branches:
Dungeon (7/15)             Temple (0/1) D:6

Altars:
Dithmenos
Elyvilon
Fedhas
Kikubaaqudgha
Makhleb
Nemelex Xobeh
Okawaru
Qazlal
Trog
Yredelemnul
Zin

Annotations:
D:5 1 runed translucent door, Cynry's ghost, novice DEEE


Innate Abilities, Weirdness & Mutations

You are too large for most types of armour.
You have claws for hands.
Your metabolism is lightning-fast.
You like to eat raw meat.
Your natural rate of healing is unusually fast.
You are covered in fur. (AC +1)
You have extremely tough skin. (AC +3)


Message History

The orc warrior hits you with a +0 halberd.
You scratch the orc warrior but do no damage.
The orc warrior is severely wounded.
You barely miss the orc warrior.
The orc warrior is severely wounded.
The orc warrior barely misses you.
You completely miss the orc warrior.
The orc warrior is severely wounded.
The orc warrior hits you with a +0 halberd!
* * * LOW HITPOINT WARNING * * *
Your shield prevents you from hitting the orc warrior.
The orc warrior is severely wounded.
The orc warrior hits you with a +0 halberd!
* * * LOW HITPOINT WARNING * * *
You scratch the orc warrior but do no damage.
The orc warrior is severely wounded.
You scratch the orc warrior.
The orc warrior is almost dead.
The orc warrior hits you with a +0 halberd!!
You die...

### ##@## #o((#
#)).#
≈≈o≈≈.).....≈≈o
≈.oo≈.......≈oo
≈≈o≈≈.......≈≈o≈
.≈≈≈..#...#..≈≈≈
.....##...##....
##### ##∩## ####


You could see an orc warrior.

Vanquished Creatures
  3 orc warriors (Bailey)
  An ice beast (D:5)
  2 ogres (D:6)
  A necrophage (D:3)
  A centaur (D:6)
  2 howler monkeys
  A crimson imp (D:6)
  3 hounds
  An orc wizard (D:6)
  2 centaur skeletons
  A gnoll shaman (D:4)
  2 orc priests (D:3)
  A bullfrog skeleton (D:4)
  3 iguanas (D:4)
  Jessica (D:3)
  3 worker ants
  A hound zombie (D:6)
  A worker ant zombie (D:6)
  5 gnolls (D:4)
  2 adders (D:3)
  2 river rats (D:4)
  A shadow imp (D:7)
  2 adder skeletons (D:4)
  6 worms
  2 dart slugs
  3 leopard geckos
  8 orcs
  3 giant cockroaches
  17 goblins
  20 hobgoblins
  11 jackals
  A quokka (D:5)
  9 ball pythons
  16 bats
  9 frilled lizards
  2 jackal skeletons
  17 kobolds
  12 rats
  4 plants (Sewer)
182 creatures vanquished.

Notes
Turn   | Place    | Note
-------+----------+-------------------------------------------
     0 | D:1      | tsouns the Troll Fighter began the quest for the Orb.
     0 | D:1      | Reached XP level 1. HP: 22/22 MP: 0/0
   112 | D:1      | Reached XP level 2. HP: 26/29 MP: 1/1
   389 | D:1      | Reached XP level 3. HP: 33/36 MP: 2/2
   677 | D:2      | Found a burning altar of Makhleb.
   916 | D:2      | Reached skill level 3 in Unarmed Combat
  1035 | D:2      | Reached XP level 4. HP: 38/44 MP: 3/3
  1685 | D:3      | Noticed a necrophage
  1694 | D:3      | Killed a necrophage
  1694 | D:3      | Reached XP level 5. HP: 53/53 MP: 4/4
  1704 | D:3      | Found a bloodstained altar of Trog.
  1715 | D:3      | Found an ancient bone altar of Kikubaaqudgha.
  1742 | D:3      | Reached skill level 4 in Unarmed Combat
  1993 | D:3      | Found a faded altar of an unknown god.
  2060 | D:3      | Found a basalt altar of Yredelemnul.
  2149 | D:3      | Found a sparkling altar of Nemelex Xobeh.
  2149 | D:3      | Noticed Jessica
  2152 | D:3      | Reached XP level 6. HP: 59/61 MP: 5/5
  2154 | D:3      | Killed Jessica
  2402 | D:3      | Found a stormy altar of Qazlal.
  2524 | D:4      | Found a blossoming altar of Fedhas.
  2624 | D:4      | Found a glowing drain.
  2653 | Sewer    | Entered a sewer
  2792 | Sewer    | Reached skill level 5 in Unarmed Combat
  3569 | D:4      | Reached XP level 7. HP: 35/68 MP: 6/6
  3740 | D:4      | Found a glowing silver altar of Zin.
  3741 | D:4      | Noticed an angel
  3859 | D:4      | Found an iron altar of Okawaru.
  4114 | D:4      | Became a worshipper of Warmaster Okawaru
  4495 | D:5      | Entered Level 5 of the Dungeon
  4798 | D:5      | Found a runed translucent door.
  4798 | D:5      | Noticed Cynry's ghost (novice DEEE)
  5203 | D:6      | Found a shadowy altar of Dithmenos.
  5228 | D:6      | Reached skill level 6 in Unarmed Combat
  5262 | D:6      | Reached * piety under Okawaru
  5262 | D:6      | Reached XP level 8. HP: 78/78 MP: 7/7
  5293 | D:6      | Found a staircase to the Ecumenical Temple.
  5433 | D:6      | Found a white marble altar of Elyvilon.
  5442 | D:6      | Reached skill level 1 in Invocations
  5844 | D:7      | Found a flagged portal.
  5854 | Bailey   | Entered a bailey
  5854 | Bailey   | Noticed an orc knight
  5854 | Bailey   | Noticed an orc knight
  5864 | Bailey   | Reached skill level 7 in Unarmed Combat
  5893 | Bailey   | Noticed an orc knight
  5929 | Bailey   | Mangled by an orc warrior

Levels and vault maps discovered:
D:1:      ncdulo_wetmaze, layout_basic, minivault_26
D:2:      minmay_razor_zed, layout_loops_ring, lightli_temple_of_fire,
          minmay_goblin_kobold_house
D:3:      layout_loops_ring, nicolae_overflow_crystal_walls, minitemple,
          yredelemnul_altar_generic, chequers_ecumenical_altar_simple_redux,
          nemelex_lonely_heart_becter
D:4:      layout_basic, kennysheep_mini_moat, fedhas_altar_fruit_tree,
          zin_angel, portal_sewer_entry_e, first_ration
D:5:      layout_basic, hellmonk_ghost_happy_afterlife
D:6:      layout_basic, kennysheep_little_box, minmay_temple_entry_large_hall,
          grunt_dithmenos_smoke
D:7:      layout_basic, nicolae_overflow_hidden_temple,
          nicolae_ossuary_entry_giza, enter_bailey_2, the_bakery,
          minmay_ruffians
Bailey:   bailey_polearm_4, bailey

Skill      XL: |  1  2  3  4  5  6  7  8 |
---------------+-------------------------+-----
Unarmed Combat | 3 4 5 6 7 |  7.4
Fighting       | 3 4 |  4.2
Shields        | 3 4 |  4.8
Dodging        | 3 4 |  4.1
Invocations    | 2 |  2.2

Action                   |  1- 3 |  4- 6 |  7- 9 || total
-------------------------+-------+-------+-------++-------
Melee: Unarmed           |   136 |   317 |   128 ||   581
Invok: Heroism           |       |       |     1 ||     1
Evoke: Wand              |       |       |     3 ||     3
  Use: Scroll            |     6 |     1 |     6 ||    13
       Potion            |       |       |     1 ||     1
 Stab: Sleeping          |       |       |     5 ||     5
  Eat: Chunk             |    15 |    25 |    21 ||    61
Armor: Robe              |    52 |    95 |    21 ||   168
Dodge: Dodged            |    42 |    93 |    37 ||   172
Block: Shield            |    67 |   158 |    44 ||   269

Table legend:
 A = Non-vault XP
 B = Vault XP
 C = Vault XP percentage of total XP
 D = Non-vault monster count
 E = Vault monster count
 F = Vault count percentage of total count
                 A         B        C        D         E       F
            +---------+---------+-------+---------+---------+-------
      Total |    1672 |     580 |  25.8 |     126 |      52 |  29.2
            +---------+---------+-------+---------+---------+-------
        D:1 |      52 |       0 |   0.0 |      31 |       0 |   0.0
        D:2 |      41 |      79 |  65.8 |      19 |      19 |  50.0
        D:3 |     293 |      37 |  11.2 |      36 |       1 |   2.7
        D:4 |     365 |      37 |   9.2 |      15 |       8 |  34.8
        D:5 |     305 |       0 |   0.0 |       7 |       0 |   0.0
        D:6 |     605 |       0 |   0.0 |      17 |       0 |   0.0
        D:7 |      11 |       0 |   0.0 |       1 |       0 |   0.0
      Sewer |       0 |      31 | 100.0 |       0 |      21 | 100.0
     Bailey |       0 |     396 | 100.0 |       0 |       3 | 100.0
            +---------+---------+-------+---------+---------+-------
